 Dungeon Crawl Stone Soup version 0.31.0-32-g396128a36d (webtiles) character file.

Game seed: 16792276062400573308

47 Saint1 the Ruffian (level 3, -18/24 HPs)
             Began as an Octopode Shapeshifter on Apr 12, 2024.
             Killed by an exploding rat (42 damage)
             ... ignited by their inner flame
             ... on level 2 of the Dungeon.
             The game lasted 00:02:17 (961 turns).

Saint1 the Ruffian (Octopode Shapeshifter)           Turns: 961, Time: 00:02:18

Health: -18/24     AC:  1    Str: 15    XL:     3   Next: 70%
Magic:  3/3        EV: 13    Int: 12    God:
Gold:   17         SH:  0    Dex: 11    Spells: 2/2 levels left

rFire   . .          .
                       - Unarmed
rCold   . . .        (no shield)
rNeg    . . .        (helmet currently unavailable)
rPois   .            (no amulet)
rElec   .            (no ring)
rCorr   .            (no ring)
SInv    .            (no ring)
Will    .....        (no ring)
Stlth   +            (no ring)
HPRegen 0.24/turn    (no ring)
MPRegen 0.08/turn    (no ring)
                     (no ring)

%: no passive effects
@: beast-form, silenced
A: beast (slay +1), almost no armour, amphibious, 8 rings, camouflage 1,
gelatinous body 1, (nimble swimmer 1), tentacles
a: Begin Untransformation


You were on level 2 of the Dungeon.
You were a hulking beast.
You visited 1 branch of the dungeon, and saw 2 of its levels.

You collected 17 gold pieces.

Inventory:

Talismans
 b - a beast talisman
 c - a flux talisman
Potions
 a - 2 potions of lignification
 d - a potion of curing {unknown}
 e - 2 potions of might
 f - a potion of attraction {unknown}
 g - a potion of enlightenment {unknown}


   Skills:
 + Level 1.8 Fighting
 + Level 2.5 Dodging
 + Level 3.4 Unarmed Combat
 + Level 3.3 Shapeshifting


You had 2 spell levels left.
You didn't know any spells.
Your spell library was empty.

Dungeon Overview and Level Annotations

Branches:
Dungeon (2/15)

Altars:


Innate Abilities, Weirdness & Mutations

You are a hulking beast.
Your limbs bulge with bestial killing power. (Slay +1)
You cannot wear most types of armour.
You are amphibious.
You can wear up to eight rings at the same time.
Your skin changes colour to match your surroundings (Stealth+).
Your rubbery body absorbs attacks. (AC +1, EV +1)
((You are camouflaged when in or above water. (Stealth+)))
You have tentacles for arms and can constrict up to eight enemies at once.


Message History

The helpless kobold fails to defend itself.
You tentacle-slap the kobold but do no damage.
Your grab misses the kobold. Your squeeze misses the kobold.
The kobold hits you with a +1 dagger of holy wrath.
You bludgeon the kobold!
You kill the kobold!
No target in view!
Things that are here:
a +1 dagger of holy wrath; a kobold corpse
j - a scroll labelled MOICEP ZUNT
There is a stone staircase leading down here.
You open the door.
There is an open door here.
As you open the door, it creaks loudly!
There is an open door here.
You open the door.
There is an open door here.
There is an open door here.
Done exploring.
Done exploring.
Done exploring.
There is a large open door here.
There is a large open door here.
There is a stone staircase leading down here.
You climb downwards.
There is a stone staircase leading up here.
A rat comes into view.
As you read the scroll labelled FUEPRU CEVVYS, it crumbles to dust.
The creatures around you are filled with an inner flame!
It was a scroll of immolation.
As you read the scroll labelled SUTEREKOKHA, it crumbles to dust.
It is a scroll of identify.
e - 2 potions of might
As you read the scroll labelled MOICEP ZUNT, it crumbles to dust.
A profound silence engulfs you.
It was a scroll of silence.
You completely miss the rat. You grab the rat. You squeeze the rat.
The rat explodes!
The fiery explosion engulfs you!!!
Ouch! That really hurt!
You die...

..# #.# #.# ##
# #.# .###..
#.# #...... #.#
....#.# #.#
.....#
#<########....#
#......h§§.#
############


There were no monsters in sight!

Vanquished Creatures
  2 dart slugs (D:1)
  4 endoplasms (D:1)
  2 giant cockroaches (D:1)
  5 goblins (D:1)
  A hobgoblin (D:1)
  3 jackals (D:1)
  4 kobolds (D:1)
  5 quokkas (D:1)
  2 ball pythons (D:1)
  6 bats (D:1)
  4 rats
38 creatures vanquished.

Notes
Turn   | Place    | Note
-------+----------+-------------------------------------------
     0 | D:1      | Saint1 the Octopode Shapeshifter began the quest for the
                  | Orb.
     0 | D:1      | Reached XP level 1. HP: 13/13 MP: 1/1
   105 | D:1      | Reached XP level 2. HP: 18/18 MP: 2/2
   250 | D:1      | Reached XP level 3. HP: 23/23 MP: 3/3
   961 | D:2      | Killed by an exploding rat... ignited by their inner flame

Illustrated notes

Levels and vault maps discovered:
D:1:      orjb1_lava_funnel, layout_basic, minmay_unequal
D:2:      layout_loops_ring, minmay_indecisive_spiral

Action                     || total
---------------------------++-------
  Melee: Unarmed           ||    73
         Constrict         ||    15
         Tentacles         ||    11
         Punch             ||     4
    Use: Scroll            ||     3
   Stab: Sleeping          ||     8
 Armour: Skin              ||    28
  Dodge: Dodged            ||    41
